MLB
PITTSBURGH PIRATES @ ST. LOUIS CARDINALS
09/22/2044
 
TOP OF THE 1ST
Pittsburgh Pirates batting - Pitching for St. Louis Cardinals : LHP Michael Colin
Pitching: LHP Michael Colin
Batting: RHB Andrew Robinson 0-0: Ball
1-0: Foul Ball, location: 2F
1-1: Ground out U3 (Groundball, 3S, EV 88.1 MPH)
Batting: RHB Jeckel Hester 0-0: Ball
1-0: Called Strike
1-1: Ball
2-1: Ball
3-1: Foul Ball, location: 2F
3-2: Foul Ball, location: 2F
3-2: Base on Balls
Batting: RHB Steve Jordan 0-0: Called Strike
0-1: Ball
1-1: Called Strike
Jeckel Hester steals 2nd base
1-2: Ball
2-2: Fly out, F3 (Popup, 34S, EV 61.9 MPH)
Batting: RHB Vincent Poopwell 0-0: Called Strike
0-1: Called Strike
0-2: Ball
1-2: SINGLE (Flyball, 6MD, EV 92.5 MPH)
Jeckel Hester to third
Runner from 3rd tries for Home, throw by CF and OUT! 8-2
Top of the 1st over - 0 runs, 1 hit, 0 errors, 1 left on base; Pittsburgh 0 - St. Louis 0
BOTTOM OF THE 1ST
St. Louis Cardinals batting - Pitching for Pittsburgh Pirates : LHP Sam Richardson
Pitching: LHP Sam Richardson
Batting: RHB Rick O'Reilly 0-0: Ball
1-0: Ball
2-0: Ground out 6-3 (Groundball, 6M, EV 100.0 MPH)
Batting: RHB Jason Gress 0-0: Ball
1-0: Ground out 5-3 (Groundball, 56, EV 81.3 MPH)
Batting: SHB Antoine Roux 0-0: Ball
1-0: Ball
2-0: Foul Ball, location: 2F
2-1: Ball
3-1: Swinging Strike
3-2: Strikes out swinging
Bottom of the 1st over - 0 runs, 0 hits, 0 errors, 0 left on base; Pittsburgh 0 - St. Louis 0
TOP OF THE 2ND
Pittsburgh Pirates batting - Pitching for St. Louis Cardinals : LHP Michael Colin
Batting: RHB Tommie Eaton 0-0: Ball
1-0: Fly out, F8 (Flyball, 8RS, EV 83.8 MPH)
Batting: LHB Theodore Conboy 0-0: Ground out 4-3 (Groundball, 4, EV 82.5 MPH)
Batting: RHB Mike Bates 0-0: Called Strike
0-1: Ball
1-1: Ball
2-1: Ball
3-1: Swinging Strike
3-2: Ground out 5-3 (Groundball, 56S, EV 88.1 MPH)
Top of the 2nd over - 0 runs, 0 hits, 0 errors, 0 left on base; Pittsburgh 0 - St. Louis 0
BOTTOM OF THE 2ND
St. Louis Cardinals batting - Pitching for Pittsburgh Pirates : LHP Sam Richardson
Batting: RHB Tenshou Takita 0-0: Ball
1-0: Ball
2-0: Ball
3-0: Base on Balls
Batting: RHB Pavpv Ivanushkin 0-0: Ball
1-0: Fly out, F9 (Line Drive, 9, EV 93.1 MPH)
Batting: RHB Nick Gentzel 0-0: Swinging Strike
0-1: Grounds into double play, 5-4-3 (Groundball, 5, EV 80.0 MPH)
Bottom of the 2nd over - 0 runs, 0 hits, 0 errors, 0 left on base; Pittsburgh 0 - St. Louis 0
TOP OF THE 3RD
Pittsburgh Pirates batting - Pitching for St. Louis Cardinals : LHP Michael Colin
Batting: RHB Raul Mendoza 0-0: Ball
1-0: Ball
2-0: Ball
3-0: Base on Balls
Batting: RHB Mike Thornton 0-0: Called Strike
0-1: Called Strike
Raul Mendoza steals 2nd base
0-2: Strikes out looking
Batting: RHB Andrew Robinson 0-0: SINGLE (Flyball, 6MD, EV 91.3 MPH)
Raul Mendoza to third
Batting: RHB Jeckel Hester 0-0: Ball
Andrew Robinson is caught stealing 2nd base 2-4
1-0: Fly out, F7 (Flyball, 7LD, EV 96.9 MPH)
Top of the 3rd over - 0 runs, 1 hit, 0 errors, 1 left on base; Pittsburgh 0 - St. Louis 0
BOTTOM OF THE 3RD
St. Louis Cardinals batting - Pitching for Pittsburgh Pirates : LHP Sam Richardson
Batting: RHB Branden Cavalcante 0-0: Called Strike
0-1: Ball
1-1: SINGLE (Groundball, 4S, EV 64.4 MPH) (infield hit)
Batting: RHB Sergio Godinez 0-0: Called Strike
0-1: Foul Ball, location: 2F
0-2: Ball
1-2: Foul Ball, location: 2F
1-2: Foul Ball, location: 2F
1-2: Ball
2-2: Grounds into double play, 6-4-3 (Groundball, 6, EV 98.1 MPH)
Batting: RHB Dustin Clark 0-0: Ball
1-0: Swinging Strike
1-1: Ball
2-1: Foul Ball, location: 2F
2-2: Strikes out looking
Bottom of the 3rd over - 0 runs, 1 hit, 0 errors, 0 left on base; Pittsburgh 0 - St. Louis 0
TOP OF THE 4TH
Pittsburgh Pirates batting - Pitching for St. Louis Cardinals : LHP Michael Colin
Batting: RHB Steve Jordan 0-0: Called Strike
0-1: Ball
1-1: Ground out U3 (Groundball, 34, EV 89.4 MPH)
Batting: RHB Vincent Poopwell 0-0: Foul Ball, location: 2F
0-1: Ball
1-1: Ball
2-1: Ball
3-1: Foul Ball, location: 2F
3-2: Base on Balls
Batting: RHB Tommie Eaton 0-0: Ball
1-0: Called Strike
1-1: Foul Ball, location: 2F
1-2: Foul Ball, location: 2F
1-2: Fly out, F7 (Flyball, 78D, EV 98.1 MPH)
Batting: LHB Theodore Conboy 0-0: Ball
Vincent Poopwell is caught stealing 2nd base 2-6
Top of the 4th over - 0 runs, 0 hits, 0 errors, 0 left on base; Pittsburgh 0 - St. Louis 0
BOTTOM OF THE 4TH
St. Louis Cardinals batting - Pitching for Pittsburgh Pirates : LHP Sam Richardson
Batting: RHB Rick O'Reilly 0-0: Ball
1-0: Ball
2-0: Ball
3-0: Called Strike
3-1: Called Strike
3-2: Base on Balls
Batting: RHB Jason Gress 0-0: Ball
Rick O'Reilly steals 2nd base
1-0: Fly out, F6 (Flyball, 6MD, EV 88.1 MPH)
Batting: SHB Antoine Roux 0-0: Foul Ball, location: 2F
0-1: SINGLE (Flyball, 7S, EV 91.3 MPH)
Rick O'Reilly to third
Runner from 3rd tries for Home, SAFE, throw by LF to home
Batting: RHB Tenshou Takita 0-0: Grounds into double play, 6-4-3 (Groundball, 6, EV 93.1 MPH)
Bottom of the 4th over - 1 run, 1 hit, 0 errors, 0 left on base; Pittsburgh 0 - St. Louis 1
TOP OF THE 5TH
Pittsburgh Pirates batting - Pitching for St. Louis Cardinals : LHP Michael Colin
Batting: LHB Theodore Conboy 0-0: Called Strike
0-1: Foul Ball, location: 2F
0-2: Ball
1-2: Strikes out swinging
Batting: RHB Mike Bates 0-0: Called Strike
0-1: Ground out 6-3 (Groundball, 6M, EV 78.8 MPH)
Batting: RHB Raul Mendoza 0-0: Ball
1-0: Ball
2-0: Foul Ball, location: 2F
2-1: TRIPLE (Flyball, 78XD, EV 105.6 MPH)
Batting: RHB Mike Thornton 0-0: Foul Ball, location: 2F
0-1: Ball
1-1: Ball
2-1: Called Strike
2-2: DOUBLE (Flyball, 8LXD, EV 101.3 MPH)
Raul Mendoza scores
Batting: RHB Andrew Robinson 0-0: Called Strike
0-1: Called Strike
0-2: Ball
1-2: Ball
2-2: Fly out, F6 (Popup, P, EV 89.4 MPH)
Top of the 5th over - 1 run, 2 hits, 0 errors, 1 left on base; Pittsburgh 1 - St. Louis 1
BOTTOM OF THE 5TH
St. Louis Cardinals batting - Pitching for Pittsburgh Pirates : LHP Sam Richardson
Batting: RHB Pavpv Ivanushkin 0-0: Called Strike
0-1: Ball
1-1: Ground out U3 (Groundball, 34, EV 81.9 MPH)
Batting: RHB Nick Gentzel 0-0: Ball
1-0: Ground out 6-3 (Groundball, 6, EV 102.5 MPH)
Batting: RHB Branden Cavalcante 0-0: Ball
1-0: Ball
2-0: DOUBLE (Line Drive, 9LD, EV 107.5 MPH)
Batting: RHB Sergio Godinez 0-0: Called Strike
0-1: Called Strike
0-2: Foul Ball, location: 2F
0-2: SINGLE (Line Drive, 34D, EV 101.9 MPH)
Branden Cavalcante to third
Runner from 3rd tries for Home, SAFE, throw by RF to home
Batting: RHB Dustin Clark 0-0: Foul Ball, location: 2F
0-1: Ground out 4-3 (Groundball, 4, EV 83.1 MPH)
Bottom of the 5th over - 1 run, 2 hits, 0 errors, 1 left on base; Pittsburgh 1 - St. Louis 2
TOP OF THE 6TH
Pittsburgh Pirates batting - Pitching for St. Louis Cardinals : LHP Michael Colin
Batting: RHB Jeckel Hester 0-0: Ball
1-0: Ground out 1-3 (Groundball, 13S, EV 75.6 MPH)
Batting: RHB Steve Jordan 0-0: Ground out 5-3 (Groundball, 56S, EV 85.0 MPH)
Batting: RHB Vincent Poopwell 0-0: Called Strike
0-1: Called Strike
0-2: Ball
1-2: Ball
2-2: SINGLE (Line Drive, 78S, EV 100.6 MPH)
Batting: RHB Tommie Eaton 0-0: Ball
1-0: Fly out, F1 (Popup, P, EV 76.3 MPH)
Top of the 6th over - 0 runs, 1 hit, 0 errors, 1 left on base; Pittsburgh 1 - St. Louis 2
BOTTOM OF THE 6TH
St. Louis Cardinals batting - Pitching for Pittsburgh Pirates : LHP Sam Richardson
Batting: RHB Rick O'Reilly 0-0: Called Strike
0-1: Foul Ball, location: 2F
0-2: Ground out 5-3 (Groundball, 5S, EV 81.9 MPH)
Batting: RHB Jason Gress 0-0: Called Strike
0-1: Fly out, F7 (Flyball, 7LS, EV 84.4 MPH)
Batting: SHB Antoine Roux 0-0: Ball
1-0: Fly out, F9 (Flyball, 9S, EV 92.5 MPH)
Bottom of the 6th over - 0 runs, 0 hits, 0 errors, 0 left on base; Pittsburgh 1 - St. Louis 2
TOP OF THE 7TH
Pittsburgh Pirates batting - Pitching for St. Louis Cardinals : LHP Michael Colin
Batting: LHB Theodore Conboy 0-0: Ball
1-0: Foul Ball, location: 2F
1-1: Called Strike
1-2: Strikes out swinging
Pitching: LHP Nick Getz
Batting: RHB Mike Bates 0-0: Foul Ball, location: 2F
0-1: Ball
1-1: Swinging Strike
1-2: Strikes out swinging, 2-3 out at first.
Batting: RHB Raul Mendoza 0-0: Called Strike
0-1: Ball
1-1: Swinging Strike
1-2: Ball
2-2: Fly out, F8 (Line Drive, 8LM, EV 93.1 MPH)
Top of the 7th over - 0 runs, 0 hits, 0 errors, 0 left on base; Pittsburgh 1 - St. Louis 2
BOTTOM OF THE 7TH
St. Louis Cardinals batting - Pitching for Pittsburgh Pirates : LHP Sam Richardson
Batting: RHB Tenshou Takita 0-0: Called Strike
0-1: Ball
1-1: Ground out 5-3 (Groundball, 56, EV 111.3 MPH)
Batting: RHB Pavpv Ivanushkin 0-0: Called Strike
0-1: Foul Ball, location: 2F
0-2: Fly out, F8 (Line Drive, 8RD, EV 91.3 MPH)
Batting: RHB Nick Gentzel 0-0: Called Strike
0-1: Ball
1-1: Ball
2-1: Ball
3-1: Ground out U3 (Groundball, 34S, EV 61.9 MPH)
Bottom of the 7th over - 0 runs, 0 hits, 0 errors, 0 left on base; Pittsburgh 1 - St. Louis 2
TOP OF THE 8TH
Pittsburgh Pirates batting - Pitching for St. Louis Cardinals : LHP Nick Getz
Batting: RHB Mike Thornton 0-0: Fly out, F8 (Line Drive, 8RD, EV 88.8 MPH)
Batting: RHB Andrew Robinson 0-0: Called Strike
0-1: Ball
1-1: Ground out 6-3 (Groundball, 6, EV 86.9 MPH)
Batting: RHB Jeckel Hester 0-0: Ball
1-0: Ball
2-0: Ball
3-0: Called Strike
3-1: Base on Balls
Pitching: RHP Brent Garland
Batting: RHB Steve Jordan 0-0: Called Strike
Jeckel Hester steals 2nd base (no throw)
0-1: SINGLE (Groundball, 6MD, EV 100.6 MPH)
Jeckel Hester to third
Runner from 3rd tries for Home, throw by CF and OUT! 8-2
Top of the 8th over - 0 runs, 1 hit, 0 errors, 1 left on base; Pittsburgh 1 - St. Louis 2
BOTTOM OF THE 8TH
St. Louis Cardinals batting - Pitching for Pittsburgh Pirates : LHP Sam Richardson
Batting: RHB Branden Cavalcante 0-0: Called Strike
0-1: Called Strike
0-2: Ball
1-2: Fly out, F9 (Flyball, 9, EV 95.6 MPH)
Batting: RHB Sergio Godinez 0-0: Foul Ball, location: 2F
0-1: Fly out, F7 (Flyball, 78M, EV 85.6 MPH)
Batting: RHB Dustin Clark 0-0: Called Strike
0-1: Foul Ball, location: 2F
0-2: Ground out 6-3 (Groundball, 6S, EV 75.6 MPH)
Bottom of the 8th over - 0 runs, 0 hits, 0 errors, 0 left on base; Pittsburgh 1 - St. Louis 2
TOP OF THE 9TH
Pittsburgh Pirates batting - Pitching for St. Louis Cardinals : RHP Brent Garland
Pitching: LHP Paul Gill
Batting: RHB Vincent Poopwell 0-0: Foul Ball, location: 2F
0-1: Ball
1-1: Ball
2-1: Ball
3-1: Swinging Strike
3-2: Base on Balls
Batting: RHB Tommie Eaton 0-0: Ball
1-0: DOUBLE (Flyball, 8LXD, EV 105.6 MPH)
Vincent Poopwell to third
Pinch Hitting: RHB Eisse Bravenboer 0-0: Intentional Walk
Batting: RHB Mike Bates 0-0: Ball
1-0: Foul Ball, location: 2F
1-1: Swinging Strike
1-2: Foul Ball, location: 2F
1-2: Ball
2-2: Foul Ball, location: 2F
2-2: Ball
3-2: Base on Balls
Vincent Poopwell scores
Tommie Eaton to third
Eisse Bravenboer to second
Batting: RHB Raul Mendoza 0-0: Called Strike
0-1: Ball
1-1: Ball
2-1: Called Strike
2-2: Foul Ball, location: 2F
2-2: Ball
3-2: SINGLE (Groundball, 6, EV 101.9 MPH)
Tommie Eaton scores
Eisse Bravenboer to third
Mike Bates to second
Runner from 3rd tries for Home, throw by CF and OUT! 8-2
Batting: RHB Mike Thornton 0-0: Called Strike
0-1: Ball
1-1: Called Strike
1-2: Ball
2-2: Strikes out swinging
Batting: RHB Andrew Robinson 0-0: Ball
1-0: Ball
2-0: Swinging Strike
2-1: Foul Ball, location: 2F
2-2: Foul Ball, location: 2F
2-2: Foul Ball, location: 2F
2-2: Ball
3-2: Strikes out swinging
Top of the 9th over - 2 runs, 2 hits, 0 errors, 2 left on base; Pittsburgh 3 - St. Louis 2
BOTTOM OF THE 9TH
St. Louis Cardinals batting - Pitching for Pittsburgh Pirates : LHP Sam Richardson
Pitching: RHP Steve Grier
Now in CF: Marvin McAleer
Pinch Hitting: LHB Zack Berney 0-0: Ball
1-0: Ground out U3 (Groundball, 3S, EV 84.4 MPH)
Batting: RHB Jason Gress 0-0: Called Strike
0-1: Called Strike
0-2: Ball
1-2: Strikes out looking
Batting: SHB Antoine Roux 0-0: Ground out 4-3 (Groundball, 4, EV 100.0 MPH)
Bottom of the 9th over - 0 runs, 0 hits, 0 errors, 0 left on base; Pittsburgh 3 - St. Louis 2
Thursday, March 31st , 2022 - OOTP Baseball 22.12 Build 89